 Dungeon Crawl Stone Soup version bcrawl-1.19.2-6-g6a88ae04c9 (webtiles) character file.

Game seed: 5485679541809517628

3206 Mrkan the Cleaver (level 9, -6/81 HPs)
             Began as a Minotaur Monk on Dec 26, 2019.
             Was a Priest of Trog.
             Killed by divine providence
             ... invoked by an orc priest
              (12 damage)
             ... on level 8 of the Dungeon.
             The game lasted 00:11:39 (7184 turns).

Mrkan the Cleaver (Minotaur Monk)                   Turns: 7184, Time: 00:11:39

Health: -6/81      AC: 16    Str: 19    XL:     9   Next: 65%
Magic:  18/18      EV:  9    Int:  7    God:    Trog [***...]
Gold:   392        SH:  5    Dex: 13    Spells: 8/8 levels left

rFire    . . .     SeeInvis .   i - +0 war axe
rCold    . . .     Gourm    +   n - +0 buckler
rNeg     . . .     Faith    .   a - +0 plate armour
rPois    +         Spirit   .   c - +0 hat
rElec    .         Reflect  .   (no cloak)
rCorr    .         Harm     .   (no gloves)
MR       ++...                  x - +2 pair of boots
Stlth    ..........             o - amulet of the gourmand
HPRegen  1.23/turn              r - ring of magical power
MPRegen  0.16/turn              k - ring of poison resistance

@: regenerating
A: retaliatory headbutt, horns 2
a: Berserk, Trog's Hand, Renounce Religion


You were on level 8 of the Dungeon.
You worshipped Trog.
Trog was most pleased with you.
You were completely stuffed.

You visited 1 branch of the dungeon, and saw 8 of its levels.

You collected 392 gold pieces.

Inventory:

Hand Weapons
 i - a +0 war axe (weapon)
Missiles
 m - a throwing net (quivered) {!f}
Armour
 a - a +0 plate armour (worn)
 c - a +0 hat (worn)
 n - a +0 buckler (worn)
 x - a +2 pair of boots (worn)
Jewellery
 d - an uncursed amulet of guardian spirit
 k - a ring of poison resistance (right hand)
 o - an amulet of the gourmand (around neck)
 p - an uncursed amulet of regeneration
 q - an uncursed ring of protection from fire {unknown}
 r - a ring of magical power (left hand)
 A - an uncursed amulet of magic regeneration
Scrolls
 b - a scroll of magic mapping {unknown}
 e - a scroll of amnesia
 g - 6 scrolls of identify
 j - 5 scrolls of remove curse
 l - 3 scrolls of enchant armour
 s - a scroll of blinking {unknown}
 t - 2 scrolls of immolation
 u - 3 scrolls of fog
 w - 2 scrolls of fear
 y - a scroll of enchant weapon {unknown}
Potions
 h - a potion of invisibility {unknown}
 v - a potion of lignification
 z - a potion of agility
 C - a potion of flight {unknown}
Comestibles
 f - 28 rations {!d}
 B - 3 chunks of flesh


   Skills:
 + Level 8.0 Fighting
 * Level 10.5 Axes
 + Level 6.8 Armour
 + Level 7.2 Dodging
 - Level 1.7 Stealth
 - Level 4.0 Shields
   Level 2.0 Invocations


You had 8 spell levels left.
You didn't know any spells.
Your spell library was empty.

Dungeon Overview and Level Annotations

Branches:
Dungeon (8/12)             Temple (0/1) D:7
   Lair: D:7-9          Orc: D:8-11

Altars:
Dithmenos
Elyvilon
Fedhas
Hepliaklqana
Kikubaaqudgha
Makhleb
Qazlal
Sif Muna
Trog
Uskayaw
The Shining One

Shops:
D:7 :   D:8 (


Innate Abilities, Weirdness & Mutations

You reflexively headbutt those who attack you in melee.
You have a pair of horns on your head.


Message History

The killer bee stings your polar bear but does no damage.
Your polar bear completely misses the killer bee.
Your polar bear barely misses the killer bee.
Your polar bear claws the killer bee.
The killer bee closely misses you. The killer bee stings your polar bear.
You slash the killer bee! Your headbutt misses the killer bee.
The killer bee is severely wounded.
You hit the killer bee. The killer bee stings you.
* * * LOW HITPOINT WARNING * * *
Your polar bear barely misses the killer bee. x2
Your polar bear closely misses the killer bee.
The centaur unwields a +0 shortbow.
The centaur hits your polar bear but does no damage.
The killer bee closely misses your polar bear.
Your polar bear bites the killer bee but does no damage.
Your polar bear claws the killer bee.
Your polar bear claws the killer bee but does no damage.
The orc priest calls down the wrath of Beogh upon you.
Beogh smites you!
You die...

.............
.......... ..>........#
.........# ...........#
#.......## ......#....#
##.........
..>........#
#...o......
..##.......#
#.o).......
..#........#
#ycho......
..#..##...##
##hyyy.....?
....#####..#
#..@###....#
†..####....#
##.......... .#.#
#...#.#####.....#...
.#..##.....##.......##
#.
#......#......##.....#
.........#.###....#....
.....)...#### #..####..
.......#. ##.# ##
...^...## ##


You could see an orc warrior, a centaur, a hound, 4 killer bees, an orc priest,
an orc and a friendly polar bear (berserk).

Vanquished Creatures
  Prince Ribbit (D:6)
  A hippogriff (D:6)
  A spriggan (D:7)
  Eustachio (D:6)
  A water moccasin (D:8)
  An orc warrior (D:7)
  2 phantoms
  4 ogres
  3 centaurs
  3 bullfrogs
  Blork the orc (D:6)
  A water moccasin zombie (D:8)
  A scorpion (D:6)
  5 wights (D:7)
  A howler monkey (D:5)
  A crimson imp (D:5)
  3 hounds
  A jelly (D:8)
  5 orc priests
  2 centaur skeletons
  4 iguanas
  5 worker ants
  4 orc wizards
  2 hound zombies
  4 gnolls (D:7)
  5 adders
  4 worms
  4 dart slugs
  4 leopard geckos
  32 orcs
  3 giant cockroaches
  6 goblins
  8 hobgoblins
  19 jackals
  2 quokkas
  7 bats
  3 frilled lizards
  8 kobolds
  6 rats
169 creatures vanquished.

Vanquished Creatures (others)
  A wizard (D:7)
1 creature vanquished.

Grand Total: 170 creatures vanquished

Notes
Turn   | Place    | Note
-------+----------+-------------------------------------------
     0 | D:1      | Mrkan the Minotaur Monk began the quest for the Orb.
     0 | D:1      | Reached XP level 1. HP: 19/19 MP: 1/1
   117 | D:1      | Reached skill level 4 in Axes
   117 | D:1      | Reached XP level 2. HP: 25/27 MP: 2/2
   166 | D:1      | Reached skill level 1 in Armour
   577 | D:2      | Reached XP level 3. HP: 33/33 MP: 3/3
  1442 | D:2      | Reached XP level 4. HP: 37/40 MP: 4/4
  1881 | D:3      | Found a stormy altar of Qazlal.
  1881 | D:3      | Found a shadowy altar of Dithmenos.
  1881 | D:3      | Found a bloodstained altar of Trog.
  1881 | D:3      | Found an ancient bone altar of Kikubaaqudgha.
  1881 | D:3      | Noticed a phantom
  1912 | D:3      | Found a hide-covered altar of Uskayaw.
  1915 | D:3      | Found a hazy altar of Hepliaklqana.
  1925 | D:3      | HP: 1/40 [phantom (4)]
  1959 | D:3      | Killed a phantom
  1959 | D:3      | Reached skill level 5 in Axes
  1959 | D:3      | Reached skill level 1 in Shields
  1959 | D:3      | Reached XP level 5. HP: 22/47 MP: 1/5
  2003 | D:3      | Became a worshipper of Trog the Wrathful
  2003 | D:3      | Reached * piety under Trog
  2003 | D:3      | Reached ** piety under Trog
  2303 | D:3      | Found a blossoming altar of Fedhas.
  2490 | D:3      | Found a glowing golden altar of the Shining One.
  2490 | D:3      | Found a white marble altar of Elyvilon.
  3016 | D:4      | Reached XP level 6. HP: 48/55 MP: 6/6
  3225 | D:4      | Reached skill level 5 in Fighting
  3225 | D:4      | Reached skill level 6 in Axes
  3695 | D:5      | Entered Level 5 of the Dungeon
  3926 | D:5      | Reached XP level 7. HP: 58/61 MP: 7/7
  4253 | D:5      | Reached skill level 5 in Dodging
  4288 | D:5      | Reached skill level 7 in Axes
  4420 | D:5      | Reached *** piety under Trog
  4601 | D:5      | Found a burning altar of Makhleb.
  4719 | D:6      | Reached XP level 8. HP: 70/70 MP: 8/8
  4739 | D:6      | Noticed Eustachio
  4765 | D:6      | Noticed a hippogriff
  4783 | D:6      | Killed Eustachio
  4783 | D:6      | Reached skill level 8 in Axes
  4785 | D:6      | Killed a hippogriff
  4785 | D:6      | Reached skill level 5 in Armour
  4988 | D:6      | Noticed Prince Ribbit
  5004 | D:6      | Killed Prince Ribbit
  5157 | D:6      | Noticed Blork the orc
  5165 | D:6      | Reached skill level 9 in Axes
  5176 | D:6      | Killed Blork the orc
  5307 | D:6      | Found a shimmering blue altar of Sif Muna.
  5343 | D:6      | Reached XP level 9. HP: 79/79 MP: 9/9
  5441 | D:6      | Reached **** piety under Trog
  6088 | D:7      | Reached skill level 10 in Axes
  6094 | D:7      | Found Ucivujoc's Book Boutique.
  6232 | D:7      | Found a staircase to the Ecumenical Temple.
  6696 | D:7      | Found a bloodstained altar of Trog.
  6698 | D:7      | Noticed a wizard
  6703 | D:7      | Killed a wizard
  7172 | D:8      | Found Xifemues's Antique Weapon Boutique.
  7174 | D:8      | Identified the +6 scale mail of Leapfrog {rN++ Dex+3}
  7184 | D:8      | Killed from afar by an orc priest

Skill      XL: |  1  2  3  4  5  6  7  8  9 |
---------------+----------------------------+-----
Axes           | 4 5 6 7 9 10 | 10.5
Armour         | 1 2 3 4 5 6 |  6.8
Fighting       | 4 5 6 7 8 |  8.0
Dodging        | 4 5 6 7 |  7.2
Shields        | 1 2 3 4 |  4.0
Stealth        | |  1.7
Invocations    | |  2.0

Action                   |  1- 3 |  4- 6 |  7- 9 || total
-------------------------+-------+-------+-------++-------
Melee: Hand axe          |   124 |    73 |       ||   197
       Headbutt          |    19 |    22 |    47 ||    88
       War axe           |       |    70 |   269 ||   339
Invok: Berserk           |       |       |     2 ||     2
       Trog's Hand       |       |       |     1 ||     1
       Brothers in Arms  |       |       |     1 ||     1
  Use: Potion            |       |     3 |     1 ||     4
       Scroll            |       |       |    11 ||    11
 Stab: Sleeping          |       |     2 |       ||     2
  Eat: Chunk             |     2 |    28 |    13 ||    43
Armor: Ring mail         |    46 |    57 |    12 ||   115
       Chain mail        |       |       |    92 ||    92
       Plate armour      |       |       |    22 ||    22
Dodge: Dodged            |    80 |    97 |   135 ||   312
Block: Buckler           |     3 |    33 |    53 ||    89
